 Dungeon Crawl Stone Soup version 0.31.0-32-g396128a36d (webtiles) character file.

Game seed: 12806228886610203295

3407 Curundu the Cleaver (level 9, -26/82 HPs)
             Began as a Minotaur Berserker on Mar 22, 2024.
             Was a Priest of Trog.
             Annihilated by Grum
             ... wielding a +0 heavy glaive
              (32 damage)
             ... on level 8 of the Dungeon.
             The game lasted 00:20:00 (7233 turns).

Curundu the Cleaver (Minotaur Berserker)            Turns: 7233, Time: 00:20:00

Health: -26/82     AC: 15    Str: 25    XL:     9   Next: 75%
Magic:  8/8        EV: 10    Int:  4    God:    Trog [***...]
Gold:   296        SH:  0    Dex: 11    Spells: 8/8 levels left

rFire   . . .        j - +0 war axe
rCold   . . .        (no shield)
rNeg    . . .        l - +0 chain mail
rPois   .            (helmet restricted)
rElec   .            i - +0 cloak
rCorr   .            B - +0 pair of gloves
SInv    +            J - +1 pair of boots
Will    +....        (no amulet) Stlth
                     q - ring of willpower
HPRegen 0.33/turn    A - ring of see invisible
MPRegen 0.11/turn

%: no passive effects
@: no status effects
A: horns 2, retaliatory headbutt
a: Renounce Religion, Berserk, Trog's Hand


You were on level 8 of the Dungeon.
You worshipped Trog.
Trog was most pleased with you.
You visited 1 branch of the dungeon, and saw 8 of its levels.
You also visited: Sewer.

You collected 296 gold pieces.

Inventory:

Hand Weapons
 j - a +0 war axe (weapon)
Missiles
 y - 7 boomerangs (quivered)
 H - 3 javelins
Armour
 i - a +0 cloak (worn)
 l - a +0 chain mail (worn)
 B - a +0 pair of gloves (worn)
 J - a +1 pair of boots (worn)
Jewellery
 d - a ring of protection from fire
 q - a ring of willpower (left hand)
 A - a ring of see invisible (right hand)
 E - the ring "Faxif" {Wiz *Slow Str+5}
   (You found it on level 4 of the Dungeon)

   [ring of wizardry]

   Wiz:       It improves your spell success rate.
   Str+5:     It affects your strength (+5).
   *Slow:     It may slow you when you take damage.
 F - a ring of resist corrosion
Wands
 m - a wand of paralysis (17)
 u - a wand of mindburst (11)
 z - a wand of iceblast (13)
Scrolls
 e - a scroll of blinking
 g - a scroll of revelation
 r - 4 scrolls of teleportation
 t - 3 scrolls of enchant weapon
 G - 2 scrolls of fear
Potions
 c - a potion of curing
 f - a potion of cancellation {unknown}
 h - a potion of lignification
 k - a potion of experience
 n - a potion of mutation
 p - 4 potions of attraction {unknown}
 x - 2 potions of heal wounds {unknown}
 C - a potion of berserk rage {unknown}
 D - a potion of degeneration {unknown}


   Skills:
 + Level 8.9 Fighting
 + Level 11.5 Axes
 * Level 6.9 Armour
 - Level 3.1 Dodging
 - Level 0.7 Stealth
 * Level 5.9 Shields


You had 8 spell levels left.
You didn't know any spells.
Your spell library was empty.

Dungeon Overview and Level Annotations

Branches:
Dungeon (8/15)             Temple (0/1) D:7           Sewer (visited)
   Lair: D:8-11

Altars:
Ashenzari
Elyvilon
Hepliaklqana
Kikubaaqudgha
Makhleb
Nemelex Xobeh
Okawaru
Trog
Xom
Zin
The Shining One

Shops:
D:1 *

Annotations:
D:8 Grum


Innate Abilities, Weirdness & Mutations

You have a pair of horns on your head.
You reflexively headbutt those who attack you in melee.


Message History

You hit the wolf. You hit the wolf but do no damage.
The wolf bites you but does no damage. The wolf misses you. The wolf bites you.
The wolf bites you but does no damage. x2; Grum closely misses you.
The wolf barely misses you. You furiously retaliate!
You headbutt the wolf! You closely miss the wolf. Your punch misses the wolf.
The wolf is moderately wounded.
You slash the wolf!
You kill the wolf!
Trog accepts your kill.
You barely miss the wolf. The wolf barely misses you. The wolf bites you.
You miss the wolf.
The wolf is moderately wounded.
You hit the wolf.
You kill the wolf!
Trog accepts your kill. The wolf bites you but does no damage.
Grum hits you from afar with a +0 heavy glaive!!
The wolf barely misses you. You furiously retaliate!
You headbutt the wolf. You slash the wolf! You headbutt the wolf.
You kill the wolf!
Trog accepts your kill. Grum closely misses you.
Grum hits you with a +0 heavy glaive!!
* * * LOW HITPOINT WARNING * * *
You see here a wolf corpse.
You hit Grum but do no damage. You headbutt Grum!
Grum is moderately wounded.
You hit Grum. Your headbutt misses Grum.
Grum is moderately wounded.
Grum completely misses you.
You slice Grum!!
Grum is almost dead.
Grum hits you with a +0 heavy glaive!
* * * LOW HITPOINT WARNING * * *
You closely miss Grum.
Grum is almost dead.
You hit Grum.
Grum is almost dead.
Grum hits you with a +0 heavy glaive!!
You die...

... ##.. #
... # .. ..
.#
#.###.##.
#.......
##..g##
##...@.##
##......)##
#.......†.#
+.........+
#.........#
##.......##
##.....##
##...##
##'##


You could see Grum.

Vanquished Creatures
  Grinder (D:5)
  Sigmund (D:3)
  Eustachio (D:4)
  5 humans
  Pargi (Sewer)
  2 ice beasts
  A black bear (D:6)
  An ogre (D:6)
  4 wolves (D:8)
  A kobold brigand (D:6)
  A phantom (D:7)
  2 brain worms (Sewer)
  A bullfrog (D:7)
  Blork the orc (D:4)
  5 scorpions
  5 killer bees (D:7)
  An electric eel (D:7)
  A lava snake (D:7)
  A jelly (D:5)
  2 bombardier beetles
  2 hounds (D:6)
  A gnoll bouda (D:5)
  Ijyb (D:4)
  An orc wizard (D:5)
  5 gnolls (D:5)
  7 adders
  A white imp (D:6)
  3 ribbon worms
  A dart slug (D:5)
  15 orcs
  4 endoplasms
  4 giant cockroaches
  8 goblins
  5 hobgoblins
  7 jackals
  9 kobolds
  3 quokkas
  5 ball pythons
  A bat (D:2)
  8 frilled lizards
  5 rats
134 creatures vanquished.

Notes
Turn   | Place    | Note
-------+----------+-------------------------------------------
     0 | D:1      | Curundu the Minotaur Berserker began the quest for the Orb.
     0 | D:1      | Reached XP level 1. HP: 19/19 MP: 0/0
   196 | D:1      | Found Herem's Assorted Antiques.
   201 | D:1      | Reached XP level 2. HP: 27/27 MP: 1/1
   226 | D:1      | Found a faded altar of an unknown god.
   509 | D:1      | Reached skill level 4 in Axes
   736 | D:2      | Reached ** piety under Trog
   746 | D:2      | Reached XP level 3. HP: 34/34 MP: 2/2
  1156 | D:3      | Noticed Sigmund
  1175 | D:3      | Killed Sigmund
  1176 | D:3      | Reached skill level 5 in Fighting
  1176 | D:3      | Reached skill level 5 in Axes
  1176 | D:3      | Reached XP level 4. HP: 6/42 MP: 3/3
  1176 | D:3      | Reached XP level 5. HP: 7/48 MP: 4/4
  1545 | D:3      | Found a glowing silver altar of Zin.
  1545 | D:3      | Noticed an angel
  1688 | D:3      | Found an ancient bone altar of Kikubaaqudgha.
  1945 | D:4      | Reached XP level 6. HP: 56/56 MP: 5/5
  2023 | D:4      | Noticed Eustachio
  2049 | D:4      | Killed Eustachio
  2050 | D:4      | Reached skill level 6 in Axes
  2050 | D:4      | Reached skill level 1 in Shields
  2179 | D:4      | Identified the +0 ring mail of the Alphagorgon {Int-3
                  | Dex+6}
  2214 | D:4      | Noticed Ijyb
  2224 | D:4      | Killed Ijyb
  2304 | D:4      | Reached skill level 7 in Axes
  2304 | D:4      | Reached XP level 7. HP: 60/62 MP: 6/6
  2345 | D:4      | Noticed Blork the orc
  2351 | D:4      | Killed Blork the orc
  2545 | D:4      | Identified the ring "Faxif" {Wiz *Slow Str+5}
  2931 | D:5      | Entered Level 5 of the Dungeon
  2937 | D:5      | Found a glowing drain.
  2972 | Sewer    | Entered a sewer
  3144 | Sewer    | Noticed Pargi
  3167 | Sewer    | Killed Pargi
  3321 | Sewer    | Reached skill level 8 in Axes
  3692 | D:5      | Reached XP level 8. HP: 34/71 MP: 7/7
  3960 | D:5      | Noticed Grinder
  4000 | D:5      | Killed Grinder
  4001 | D:5      | Reached skill level 5 in Armour
  4161 | D:5      | Found a sparkling altar of Nemelex Xobeh.
  4267 | D:5      | Identified the +11 dagger of the Extremely Mad {freeze,
                  | rCorr Int+3}
  4301 | D:5      | Found a glowing golden altar of the Shining One.
  4602 | D:6      | Reached skill level 9 in Axes
  4723 | D:6      | Reached *** piety under Trog
  4903 | D:5      | Reached skill level 10 in Axes
  4904 | D:5      | Reached XP level 9. HP: 59/81 MP: 8/8
  5019 | D:6      | Reached skill level 5 in Shields
  5312 | D:6      | Found a bloodstained altar of Trog.
  5505 | D:7      | Found a staircase to the Ecumenical Temple.
  5572 | D:7      | Found an iron altar of Okawaru.
  5674 | D:7      | Reached skill level 11 in Axes
  6086 | D:7      | HP: 2/82 [lava snake/glob of lava (13)]
  6484 | D:7      | Found a shimmering altar of Xom.
  6918 | D:7      | Found a burning altar of Makhleb.
  6920 | D:7      | Found a white marble altar of Elyvilon.
  6920 | D:7      | Found a broken altar of Ashenzari.
  6923 | D:7      | Found a hazy altar of Hepliaklqana.
  7218 | D:8      | Noticed Grum
  7233 | D:8      | Annihilated by Grum

Illustrated notes

Levels and vault maps discovered:
D:1:      sevenhm_arrival_forest_fort_large_4, layout_basic, serial_shops,
          nicolae_shop_tiny_glass, hellmonk_ecumenical_altar_inner_sanctum
D:2:      layout_basic
D:3:      layout_rooms, mainiacjoe_overflow_brackets, zin_angel, minivault_11,
          item_on_display_a, uniq_sigmund
D:4:      layout_basic, uniq_eustachio, uniq_blork_the_orc, uniq_ijyb
D:5:      layout_cave_pods, nemelex_xobeh_ov_fountains_minmay,
          nicolae_tso_carved_into_rock,
          mainiacjoe_sewer_entry_somewhere_in_here_1, uniq_grinder
D:6:      layout_gridville, nicolae_overflow_crystal_walls, minmay_holes,
          minmay_ruffians
D:7:      layout_rooms, mainiacjoe_overflow_boulevard, minitemple,
          minmay_temple_entry_butterflies, kennysheep_another_room,
          nicolae_lava_and_water
D:8:      layout_loops_corners, uniq_gastronok, uniq_grum

Skill      XL: |  1  2  3  4  5  6  7  8  9 |
---------------+----------------------------+-----
Fighting       | 4 5 6 7 8 |  8.9
Axes           | 4 5 7 8 10 11 | 11.5
Dodging        | 3 |  3.1
Armour         | 3 4 6 |  6.9
Shields        | 2 3 4 5 |  5.9
Stealth        | |  0.7

Action                     |  1- 3 |  4- 6 |  7- 9 || total
---------------------------+-------+-------+-------++-------
  Melee: Hand axe          |    65 |    80 |   203 ||   348
         Headbutt          |     8 |    14 |    44 ||    66
         Punch             |     1 |       |     2 ||     3
         War axe           |       |       |    13 ||    13
 Invoke: Trog's Hand       |     1 |     2 |     3 ||     6
         Berserk           |     1 |     1 |     4 ||     6
    Use: Scroll            |       |       |    18 ||    18
         Potion            |       |       |     2 ||     2
   Stab: Sleeping          |       |     1 |     1 ||     2
 Armour: Animal skin       |    34 |    58 |   185 ||   277
         Chain mail        |       |       |    31 ||    31
  Dodge: Dodged            |    39 |    68 |   156 ||   263
